 Dungeon Crawl Stone Soup version 0.30-a0-137-gd8773701ce (webtiles) character file.

Game seed: 3292676082671376826

39 greasedhog the Trooper (level 3, -1/24 HPs)
             Began as a Gargoyle Chaos Knight on Sept 21, 2022.
             Was a Plaything of Xom.
             Slain by a jumping spider (shapeshifter) (4 damage)
             ... on level 2 of the Dungeon.
             The game lasted 00:02:50 (1412 turns).

greasedhog the Trooper (Gargoyle Chaos Knight)      Turns: 1412, Time: 00:02:51

Health: -1/24      AC:  8    Str: 17    XL:     3   Next: 47%
Magic:  0/3        EV: 11    Int: 12    God:    Xom [.*....]
Gold:   63         SH:  0    Dex: 15    Spells: 2/2 levels left

rFire   . . .      SeeInvis .    a - +0 mace (chaos)
rCold   . . .      Faith    .    (no shield)
rNeg    + . .      Spirit   +    b - +2 leather armour
rPois   ∞          Reflect  .    (no helmet)
rElec   +          Harm     .    (no cloak)
rCorr   .          Rampage  .    (no gloves)
Will    .....                    (no boots)
Stlth   +.........               g - amulet of guardian spirit
HPRegen 0.08/turn                f - +6 ring of dexterity
MPRegen 0.08/turn                (no ring)

@: brilliant, hasted, very quick
A: sickness immunity, AC +3, negative energy resistance 1, electricity
resistance, torment resistance 1, petrification resistance
a: Renounce Religion


You were on level 2 of the Dungeon.
You worshipped Xom.
You were a plaything of Xom.
You visited 1 branch of the dungeon, and saw 2 of its levels.

You collected 63 gold pieces.

Inventory:

Hand Weapons
 a - a +0 mace of chaos (weapon)
 l - a +0 club
Armour
 b - a +2 leather armour (worn)
Jewellery
 f - a +6 ring of dexterity (left hand)
 g - an amulet of guardian spirit (around neck)
Scrolls
 d - a scroll of enchant weapon
 e - 2 scrolls of teleportation {unknown}
 h - a scroll of magic mapping
Miscellaneous
 c - a piece from Xom's chessboard (15/15) (quivered)


   Skills:
 * Level 4.1 Fighting
 * Level 3.7 Maces & Flails
 - Level 2.1 Armour
 - Level 0.7 Dodging


You had 2 spell levels left.
You didn't know any spells.
Your spell library contained the following spells:

 Spells                   Type           Power      Damage    Failure   Level
 Ignite Poison            Fire/Tmut/Pois 0%         N/A       75%         3
 Mephitic Cloud           Conj/Pois/Air  0%         N/A       75%         3
 Freezing Cloud           Conj/Ice/Air   0%         6-21      100%        5


Dungeon Overview and Level Annotations

Branches:
Dungeon (2/15)

Altars:


Innate Abilities, Weirdness & Mutations

You are immune to sickness and miasma.
Your stone body is resilient. (AC +3)
You are immune to poison.
You resist negative energy. (rN+)
You are resistant to electric shocks. (rElec)
You are resistant to unholy torment.
You are immune to petrification.


Message History

The ball python constricts you.
You closely miss the ball python.
The ball python is moderately wounded.
The ball python barely misses you. The ball python constricts you.
You barely miss the ball python.
The ball python is moderately wounded.
You hit the ball python.
You kill the ball python!
You see here a ball python corpse.
You start resting.
Your extra speed is starting to run out.
You start resting.
You feel yourself slow down.
A jumping spider comes into view.
A jumping spider is nearby!
A jumping spider is nearby!
It was a potion of brilliance.
You feel clever all of a sudden.
The jumping spider's many legs skitter faintly.
You feel yourself speed up.
A hobgoblin comes into view. It is wielding a +0 mace.
The jumping spider leaps!
It was a potion of curing.
You feel better.
Xom roars with laughter!
The jumping spider leaps!
The jumping spider leaps!
Found 3 stones.
You sock the jumping spider!
The jumping spider is moderately wounded.
The jumping spider pounces on you!
You are caught in a web!
The jumping spider bites you but does no damage.
The jumping spider pounces on you! The jumping spider barely misses you.
The web tears apart.
The jumping spider pounces on you.
* * * LOW HITPOINT WARNING * * *
You are caught in a web!
The jumping spider bites you.
* * * LOW HITPOINT WARNING * * *
The web tears apart.
The jumping spider barely misses you. The jumping spider bites you.
You die...
Xom chuckles heartily!

....# ###.# ....#
#...###...# ##....#
#.......### ##....###
##..#..#######.......#
##...................#
.......##..##........##.
#.##...##..............(
#.##...###.#.........#
#..........#.#..@s...#
###..>...)...#†......#
#......#####.......#
#........# #.......#
##.#......# #g.........
...###....###..........#
...###.....##...........
.......................#
........#......######..


You could see a jumping spider and a hobgoblin.

Vanquished Creatures
  A dart slug (D:2)
  2 endoplasms
  2 giant cockroaches (D:1)
  6 goblins
  A hobgoblin (D:1)
  4 kobolds
  A quokka (D:2)
  5 ball pythons
  3 bats (D:1)
  4 frilled lizards
  7 rats
36 creatures vanquished.

Notes
Turn   | Place    | Note
-------+----------+-------------------------------------------
     0 | D:1      | greasedhog the Gargoyle Chaos Knight began the quest for
                  | the Orb.
     0 | D:1      | Reached XP level 1. HP: 14/14 MP: 1/1
    71 | D:1      | XOM: silly message
    84 | D:1      | XOM: silly message
    90 | D:1      | Reached XP level 2. HP: 14/19 MP: 2/2
   245 | D:1      | XOM: silly message
  1018 | D:2      | XOM: divination: detect creatures
  1023 | D:2      | Reached skill level 4 in Fighting
  1023 | D:2      | Reached XP level 3. HP: 19/24 MP: 3/3
  1028 | D:2      | XOM: smoke on damage
  1219 | D:2      | Found a faded altar of an unknown god.
  1344 | D:2      | a goblin changed into a shapeshifter
  1344 | D:2      | Noticed a shapeshifter (shapeshifter)
  1344 | D:2      | a shapeshifter changed into a queen bee
  1344 | D:2      | Noticed a queen bee (shapeshifter)
  1347 | D:2      | XOM: 1-stop teleportation journey
  1404 | D:2      | Noticed a jumping spider
  1412 | D:2      | Slain by a jumping spider (shapeshifter)

Illustrated notes

Levels and vault maps discovered:
D:1:      dpeg_arrival_round_c, layout_basic, nicolae_titane
D:2:      layout_rooms, dreamdust_ecumenical_altar_grove

Skill      XL: |  1  2 |
---------------+-------+-----
Fighting       | 4 |  4.1
Maces & Flails | |  3.7
Armour         | |  2.1
Dodging        | |  0.7

Action                   || total
-------------------------++-------
Melee: Mace              ||    85
  Use: Scroll            ||     2
       Potion            ||     4
Armor: Leather armour    ||    51
Dodge: Dodged            ||    65

Table legend: (Time is in decaauts)
 A = Elapsed time spent in this place.
 B = Non-inter-level travel time spent in this place.
 C = Inter-level travel time spent in this place.
 D = Time resting spent in this place.
 E = Time spent auto-exploring this place.
 F = Levels seen in this place.
 G = Mean time per level.
                   A        B        C        D        E       F      G
               +--------+--------+--------+--------+--------+-----+--------+
         Total |   1416 |   1379 |     37 |      9 |   1106 |   2 |  708.0 |
       Dungeon |   1416 |   1379 |     37 |      9 |   1106 |   2 |  708.0 |
               +--------+--------+--------+--------+--------+-----+--------+

Top non-repeatable levels by time:
     D:1: 1022 daAuts
     D:2: 393 daAuts
